 Dungeon Crawl Stone Soup version 0.17.0-28-g6e173f8 (console) character file.

122 Kloppie the Chiller (level 5, -1/42 HPs)
             Began as a Naga Ice Elementalist on Dec 2, 2015.
             Slain by an ogre
             ... wielding a +0 giant club
              (14 damage)
             ... on level 4 of the Dungeon.
             The game lasted 00:05:43 (3527 turns).

Kloppie the Chiller (Naga Ice Elementalist)         Turns: 3527, Time: 00:05:43

Health: -1/42      AC:  9    Str: 11    XL:     5   Next: 6%
Magic:  0/9        EV: 10    Int: 16    God:
Gold:   173        SH:  0    Dex: 11    Spells: 2 memorised, 5 levels left

rFire  . . .     SeeInvis +     a - +0 short sword (venom)
rCold  . . .     Clarity  +     o - +0 robe
rNeg   + . .     SustAt   .     (no shield)
rPois  +         Gourm    .     (no helmet)
rElec  .         Spirit   .     (no cloak)
rCorr  .         Warding  .     m - +0 pair of gloves
rMut   .         Stasis   .     (no barding)
MR     .....                    q - amulet of clarity
Stlth  ++........               (no ring)
                                w - ring of positive energy

@: icy armour, very slow, not resistant to hostile enchantments, unstealthy
A: see invisible, deformed body, poison resistance, slowness 2, slow metabolism
1, spit poison 2, AC +1
a: Spit Poison


You were on level 4 of the Dungeon.
You were full.

You visited 1 branch of the dungeon, and saw 4 of its levels.

You collected 173 gold pieces.

Inventory:

Hand Weapons
 a - a +0 short sword of venom (weapon)
 b - a +0 spear
Armour
 m - a +0 pair of gloves (worn)
 o - a +0 robe (worn)
Jewellery
 q - an amulet of clarity (around neck)
 w - a ring of positive energy (left hand)
Scrolls
 j - 5 scrolls of identify {unknown}
 k - 2 scrolls of teleportation {unknown}
 r - a scroll of remove curse {unknown}
 s - a scroll of fog {unknown}
 t - a scroll of random uselessness {unknown}
 u - a scroll of amnesia {unknown}
Potions
 d - 2 potions of brilliance {unknown}
 g - a potion of lignification {unknown}
 h - a potion of curing
 i - a potion of haste {unknown}
 l - a potion of magic {unknown}
 n - 3 potions of ambrosia {unknown}
 p - a potion of cancellation {unknown}
Books
 e - a book of Frost

   Spells                             Type                      Level
   a - Freeze                         Ice                          1
   b - Throw Frost                    Conjuration/Ice              2
   c - Ozocubu's Armour               Charms/Ice                   3
   d - Throw Icicle                   Conjuration/Ice              4
   e - Summon Ice Beast               Ice/Summoning                4
   f - Condensation Shield            Ice                          4
Comestibles
 c - 4 bread rations
 v - a royal jelly


   Skills:
 - Level 1.5 Dodging
 - Level 3.0 Stealth
 - Level 2.9 Spellcasting
   Level 1.0 Conjurations
 + Level 2.2 Charms
 + Level 4.3 Ice Magic


You had 5 spell levels left.
You knew the following spells:

 Your Spells              Type           Power        Failure   Level  Hunger
a - Freeze                Ice            ###.         3%          1    #......
b - Ozocubu's Armour      Chrm/Ice       ##......     14%         3    ###....


Dungeon Overview and Level Annotations

Branches:
Dungeon (4/15)
 Temple: D:4-7

Altars:
Gozag


Innate Abilities, Weirdness & Mutations

You cannot wear boots.
Your serpentine skin is tough (AC +1).
You have supernaturally acute eyesight.
Armour fits poorly on your strangely shaped body.
Your system is resistant to poisons.
You cover ground very slowly.
You have a slow metabolism.
You can spit poison.


Message History

* * * LOW HITPOINT WARNING * * *
Casting: Freeze
Confirm with . or Enter, or press ? or * to list all spells.
Aiming: Freeze
Press: ? - help, Shift-Dir - straight line, f/p - ogre
Aim: an ogre, wielding a giant club (heavily wounded)
You freeze the ogre.
The ogre is heavily wounded.
Casting: Freeze
Confirm with . or Enter, or press ? or * to list all spells.
Aiming: Freeze
Press: ? - help, Shift-Dir - straight line, f/p - ogre
Aim: an ogre, wielding a giant club (heavily wounded)
You freeze the ogre.
The ogre is severely wounded.
The ogre barely misses you.
You barely miss the ogre.
The ogre is severely wounded.
The ogre hits you with a giant club!
You die...

# #.#. #....#####
#......@.###########
##...###O##.o†......
##< #.##...# #≈
#.##.#.# #≈
#...o#..O #.
#..#####... . ≈.....
....# ≈≈....... ?...
..#####.#.. ..#


You could see an ogre.

Vanquished Creatures
  An orc wizard (D:3)
  2 adders
  An ooze (D:1)
  A worm (D:2)
  4 giant geckos
  5 orcs
  3 giant cockroaches
  8 hobgoblins
  3 kobolds
  3 quokkas
  9 bats
  3 giant newts (D:1)
  5 goblins
  10 rats
58 creatures vanquished.

Notes
Turn   | Place    | Note
--------------------------------------------------------------
     0 | D:1      | Kloppie the Naga Ice Elementalist began the quest for the Orb.
     0 | D:1      | Reached XP level 1. HP: 15/15 MP: 3/3
   247 | D:1      | Reached XP level 2. HP: 7/22 MP: 3/5
  1383 | D:1      | Reached XP level 3. HP: 8/28 MP: 0/7
  1742 | D:2      | Learned a level 3 spell: Ozocubu's Armour
  2285 | D:2      | Reached skill level 1 in Charms
  2300 | D:2      | Found a faded altar to an unknown god.
  2427 | D:2      | Reached XP level 4. HP: 36/36 MP: 8/8
  2519 | D:3      | Reached skill level 4 in Ice Magic
  2620 | D:3      | Found an opulent altar of Gozag.
  3295 | D:4      | Noticed an ogre
  3377 | D:3      | Reached XP level 5. HP: 23/42 MP: 3/9
  3527 | D:4      | Slain by an ogre

Action                   |  1- 3 |  4- 6 || total
-------------------------+-------+-------++-------
Melee: Spear             |    48 |       ||    48
       Short sword       |    52 |    50 ||   102
 Cast: Freeze            |    36 |    15 ||    51
       Ozocubu's Armour  |       |     1 ||     1
 Abil: Spit Poison       |     3 |     2 ||     5
 Stab: Sleeping          |     4 |     4 ||     8
       Distracted        |       |     1 ||     1
  Eat: Chunk             |     4 |     2 ||     6
       Meat ration       |       |     1 ||     1
